 Dungeon Crawl Stone Soup version 0.21.1-1-g345015fe64 (webtiles) character file.

645437 libidonplus the Slayer (level 27, -11/267 HPs)
             Began as a Hill Orc Fighter on June 10, 2018.
             Was a High Priest of Beogh.
             Killed from afar by Lom Lobon (23 damage)
             ... with a great icy blast
             ... in Pandemonium on July 14, 2018.
             The game lasted 12:51:41 (126258 turns).

libidonplus the Slayer (Hill Orc Fighter)         Turns: 126258, Time: 12:51:41

Health: -11/267    AC: 49    Str: 24    XL:     27
Magic:  32/48      EV: 25    Int: 20    God:    Beogh [*****.]
Gold:   8283       SH: 26    Dex: 19    Spells: 26/26 levels left

rFire    + + +     SeeInvis .   a - +9 broad axe (chop)
rCold    + + +     Gourm    .   d - +5 shield of the Cricket {rC++ rCorr Int+4 Dex-3}
rNeg     . . .     Faith    .   m - +12 gold dragon scales
rPois    +         Spirit   .   c - +2 hat
rElec    +         Reflect  +   V - +1 cloak {MR+}
rCorr    +         Harm     .   u - +2 pair of gloves {Dex+3}
MR       +++..                  t - +2 pair of boots of the Assassin {Detection Stab+ Stlth++}
Stlth    ..........             O - +4 amulet of reflection
HPRegen  0.54/turn              w - +5 ring of evasion
MPRegen  0.31/turn              M - ring "Syag" {rF+ MP+9 Dex+4}

@: agile, resistant, frozen, berserk cooldown, slowed, very slow
A: walk on water, mutation resistance 1
}: 5/15 runes: barnacled, slimy, silver, abyssal, gossamer
a: Smiting, Recall Orcish Followers, Give Item to Named Follower, Renounce
Religion


You were in Pandemonium.
You worshipped Beogh.
Beogh was extremely pleased with you.
You were very hungry.

You visited 11 branches of the dungeon, and saw 53 of its levels.
You visited Pandemonium 1 time, and saw 1 of its levels.
You visited the Abyss 1 time.
You also visited: Trove, Sewer and Ice Cave.

You collected 9359 gold pieces.
You spent 1076 gold pieces at shops.

Inventory:

Hand Weapons
 a - a +9 broad axe of chopping (weapon)
 b - a +10 hand crossbow (quivered)
Missiles
 J - 1635 bolts
Armour
 c - a +2 hat (worn)
 d - the +5 shield of the Cricket (worn) {rC++ rCorr Int+4 Dex-3}
   (You took it off Donald on level 3 of the Shoals)

   It affects your intelligence (+4).
   It affects your dexterity (-3).
   It greatly protects you from cold.
   It protects you from acid and corrosion.
 m - +12 gold dragon scales (worn)
 t - the +2 pair of boots of the Assassin (worn) {Detection Stab+ Stlth++}
   (You found it on level 5 of the Depths)

   It makes you much more stealthy.
 u - a +2 pair of gloves of dexterity (worn)
 V - a +1 cloak of magic resistance (worn)
Jewellery
 k - an uncursed ring of positive energy
 n - an uncursed ring of protection from fire
 q - an uncursed ring of protection from magic
 r - the ring "Cankaez" {Fire +Inv MR+ Dex+3 Slay-2}
   (You found it on level 1 of the Lair of Beasts)

   [ring of fire]

   It enhances your fire magic.
   It affects your dexterity (+3).
   It affects your accuracy and damage with ranged weapons and melee attacks
   (-2).
   It protects you from fire.
   It makes you vulnerable to cold.
   It affects your resistance to hostile enchantments.
   It lets you turn invisible.
 v - the ring "Sajed" {rN+ Dex+5}
   (You bought it in a shop on level 3 of the Depths)

   [ring of positive energy]

   It affects your dexterity (+5).
   It protects you from negative energy.
 w - a +5 ring of evasion (left hand)
 z - an uncursed ring of resist corrosion
 F - an uncursed ring of see invisible
 M - the ring "Syag" (right hand) {rF+ MP+9 Dex+4}
   (You took it off a salamander on level 5 of the Depths)

   [ring of magical power]

   It affects your dexterity (+4).
   It protects you from fire.
   It affects your magic capacity (+9).
 O - a +4 amulet of reflection (around neck)
 P - the amulet of Atenuh {rPois rF+ Regen+ Str+3 Int-2}
   (You found it in a treasure trove)

   [amulet of regeneration]

   It affects your strength (+3).
   It affects your intelligence (-2).
   It protects you from fire.
   It protects you from poison.
   It increases your rate of regeneration.
Wands
 g - a wand of disintegration (27)
 C - a wand of iceblast (40)
 D - a wand of paralysis (21)
 E - a wand of acid (14)
 U - a wand of scattershot (8)
 W - a wand of digging (24)
 Z - a wand of clouds (10)
Scrolls
 e - 21 scrolls of teleportation
 l - 8 scrolls of blinking
 o - 4 scrolls of silence
 y - 4 scrolls of identify
 A - 11 scrolls of magic mapping
 G - 3 scrolls of holy word
 I - 24 scrolls of remove curse
 N - 7 scrolls of fear
 Q - 3 scrolls of summoning
 T - 6 scrolls of fog
Potions
 h - 4 potions of heal wounds
 i - 7 potions of agility
 j - 2 potions of ambrosia
 p - 3 potions of berserk rage
 s - 10 potions of brilliance
 x - a potion of resistance
 B - 9 potions of curing
 H - 4 potions of cancellation
 K - 2 potions of haste
 R - 5 potions of might
 Y - a potion of invisibility
Miscellaneous
 X - 4 phantom mirrors
Comestibles
 f - 23 rations


   Skills:
 + Level 25.6 Fighting
 - Level 18.0 Axes
 + Level 7.7 Crossbows
 - Level 23.0 Armour
 - Level 14.9 Dodging
 - Level 21.0 Shields
 + Level 24.5 Invocations


You had 26 spell levels left.
You didn't know any spells.

Dungeon Overview and Level Annotations

Branches:
Dungeon (15/15)            Temple (0/1) D:6            Lair (6/6) D:10
 Shoals (4/4) Lair:4       Spider (4/4) Lair:4        Slime (5/5) Lair:5
    Orc (2/2) D:10            Elf (3/3) Orc:2        Vaults (5/5) D:13
  Crypt (3/3) Vaults:2       Tomb (0/3) Crypt:3      Depths (5/5) D:15
   Hell (1/1)                 Dis (0/7) Hell            Geh (0/7) Hell
    Coc (0/7) Hell            Tar (0/7) Hell            Zot (0/5) Depths:5

Altars:
Dithmenos
Elyvilon
Gozag
Hepliaklqana
Nemelex Xobeh
Okawaru
Qazlal
Sif Muna
Vehumet
Yredelemnul
The Shining One
Beogh
Jiyva

Shops:
D:6 }==%(   D:10 *   D:14 (   Orc:2 :*([   Elf:1 ?   Elf:3 :   Depths:3 }==
Depths:4 [[[

Portals:
Hell: Depths:1 Depths:2 Depths:3 Depths:4 Depths:5
Abyss: Depths:4 Depths:5
Pandemonium: Depths:3 Depths:4 Depths:5
Ziggurat: Depths:2

Annotations:
D:3 solomon12318's ghost, amateur GnWn
D:4 2 transporters
D:6 exclusion: downstairs
D:9 exclusion: door
Spider:3 exclusion: Roxanne, Roxanne
Crypt:2 1 exclusion
Pan Lom Lobon


Innate Abilities, Weirdness & Mutations

You can walk on water.
You are somewhat resistant to further mutation.


Message History

The blast of lightning engulfs the ball lightning.
The ball lightning completely resists.
The blast of lightning engulfs Lom Lobon.
Lom Lobon completely resists.
The blast of lightning engulfs you!
The ball lightning explodes!
The blast of lightning engulfs Lom Lobon.
Lom Lobon completely resists.
The blast of lightning engulfs you!
Lom Lobon blinks!
Brandogh completely misses Lom Lobon.
Lom Lobon gestures at you.
Lom Lobon conjures a mighty blast of ice!
The great icy blast engulfs you! You partially resist.
* * * LOW HITPOINT WARNING * * *
You are encased in ice.
You are engulfed in freezing vapours.
You resist.
* * * LOW HITPOINT WARNING * * *
Brandogh misses Lom Lobon.
Lom Lobon gestures at you.
Lom Lobon conjures a mighty blast of ice!
The great icy blast engulfs you! You partially resist.
You die...

≈ ≈ ≈ ####### ##
####.....####
≈#####.o....)&§§§###
≈≈#........⌠..§§§§§##
≈##........o..§§@§§§##
##............§§§§§§≈##
#.......#######§§§§§≈≈#
#....####.....#§§#§§≈≈#
#..### ....§.!§§###≈≈#
..## ...........##≈≈#
.## ............##≈# .#
§............### ##
§............#


You could see Lom Lobon and the friendly Brandogh the orc warlord.

Vanquished Creatures
  the Royal Jelly (Slime:5)
  An ancient lich (Crypt:3)
  2 juggernauts
  Margery (Vaults:5)
  Boris (Vaults:2)
  Geryon (Hell)
  7 golden dragons
  Nikola (Orc:2)
  2 bone dragons
  4 tentacled monstrosities
  4 liches
  The ghost of P0WERM0DE the Peltast, an adept FoFi of the Shining One (Shoals:4)
  A titan (Depths:3)
  15 acid blobs
  7 tentacled starspawn
  5 ancient champions
  A sphinx (Depths:3)
  Agnes (Elf:1)
  A tengu reaver (Vaults:4)
  2 draconian monks (Depths:5)
  Ilsuiw (Shoals:3)
  A revenant (Crypt:3)
  2 storm dragons (Vaults:4)
  3 shadow dragons
  17 azure jellies
  Donald (Shoals:3)
  10 frost giants
  13 vault wardens
  3 ghost moths
  A fire giant (shapeshifter) (Elf:1)
  A juggernaut zombie (Hell)
  9 fire giants
  A draconian scorcher (Depths:5)
  7 deep elf sorcerers
  A caustic shrike zombie (Hell)
  4 deep elf elementalists
  5 ironheart preservers
  2 curse skulls
  8 stone giants
  3 war gargoyles
  A spriggan defender (Depths:3)
  4 reapers
  12 very ugly things
  3 draconian annihilators
  2 entropy weavers
  5 deep elf demonologists
  2 vampire knights
  3 green draconians
  7 black draconians (Depths:5)
  A lorocyproca (Depths:1)
  Azrael (Orc:2)
  5 spark wasps
  2 white draconians (Depths:5)
  5 deep elf annihilators
  2 merfolk javelineers
  2 red draconians (Depths:5)
  5 blizzard demons
  3 purple draconians (Depths:5)
  8 jiangshi
  15 ettins
  2 merfolk impalers (Shoals:3)
  3 eidola (Crypt:2)
  7 green deaths
  A quicksilver dragon zombie (Hell)
  6 deep elf death magi
  5 deep elf high priests
  12 death oozes
  4 fire dragons
  8 great orbs of eyes
  13 ogre magi
  A great orb of eyes (shapeshifter) (Depths:1)
  A naga warrior (Abyss:3)
  Erolcha (D:12)
  2 hydras
  3 yaktaur captains
  8 vault guards
  10 rakshasas
  4 spriggan air magi
  2 merfolk avatars
  A hell beast (Depths:1)
  9 ice dragons
  An alligator snapping turtle (shapeshifter) (Depths:3)
  6 centaur warriors
  22 two-headed ogres
  The ghost of Bapho the Fighter, a novice DrCj of Vehumet (D:8)
  4 merfolk aquamancers
  11 deep troll earth magi
  A death yak (IceCv)
  3 death knights
  A satyr (Shoals:2)
  5 death scarabs (Spider:4)
  5 vampire magi
  A titan zombie (Crypt:3)
  4 deep troll shamans
  13 dancing weapons
  3 orc high priests (Orc:2)
  A spriggan (Depths:4)
  4 starcursed masses (Abyss:3)
  Nergalle (Lair:3)
  11 thrashing horrors (Abyss:3)
  2 titan skeletons (Crypt:3)
  4 sun demons (Depths:1)
  7 soul eaters
  12 deep elf knights
  4 sixfirhies
  3 spatial maelstroms (Abyss:3)
  An iron golem (Depths:1)
  7 hell knights
  A salamander mystic (Depths:5)
  5 wretched stars (Abyss:3)
  A fire crab (shapeshifter) (Vaults:3)
  3 shadow wraiths
  A storm dragon skeleton (Abyss:3)
  53 skeletal warriors
  14 deep trolls
  11 sea snakes
  4 phantasmal warriors
  4 unseen horrors
  14 flayed ghosts
  A tengu zombie (Hell)
  10 glowing orange brains
  6 wizards
  2 anaconda zombies
  Pikel (D:7)
  7 ironbrand convokers
  A mana viper (Abyss:3)
  A shadow dragon zombie (Vaults:5)
  4 orc knights
  An anaconda skeleton (Hell)
  14 large abominations
  4 lindwurms
  3 spectral wolf spiders
  3 necromancers
  4 deep elf archers
  5 harpies (Shoals:3)
  11 wolf spider zombies (Spider:1)
  16 orb spiders
  A sphinx zombie (Hell)
  An orb spider (shapeshifter) (Depths:3)
  4 salamanders (Depths:5)
  12 wolf spiders
  5 shining eyes
  36 deep elf magi
  3 fire giant zombies
  2 stone giant zombies (Hell)
  27 ugly things
  An orc sorcerer (Vaults:3)
  5 manticores
  A salamander (shapeshifter) (Depths:2)
  7 fauns
  An iron dragon skeleton (Crypt:3)
  9 elephants
  3 moths of wrath
  5 cyclopes
  18 smoke demons
  3 spriggan zombies (Hell)
  2 black mambas (Lair:6)
  A stone giant skeleton (Vaults:5)
  2 torpor snails
  An eye of devastation (shapeshifter) (Vaults:3)
  4 guardian serpents
  An ice statue (Hell)
  7 rust devils
  An orange demon (Abyss:3)
  8 spiny frogs
  2 eyes of devastation
  13 merfolk sirens
  4 vault sentinels (Vaults:1)
  A water nymph (shapeshifter) (Vaults:4)
  9 water nymphs
  4 gargoyles
  A hellion (Hell)
  2 spectral redbacks (Spider:4)
  A dire elephant skeleton (Crypt:3)
  A yaktaur (shapeshifter) (D:15)
  A white draconian zombie (Crypt:2)
  8 rime drakes
  9 freezing wraiths
  28 yaktaurs
  8 redback zombies
  An iron troll zombie (Crypt:1)
  A pale draconian skeleton (Crypt:2)
  9 hellwings (Pan)
  2 ice devils
  2 ancient zymes (Abyss:3)
  A queen ant zombie (Crypt:1)
  2 catoblepas skeletons
  11 demonic crawlers
  2 tengu conjurers
  A guardian mummy (Crypt:3)
  A silent spectre (Abyss:3)
  2 red devils
  A hydra zombie (Hell)
  A meliai (D:14)
  7 trolls
  12 merfolk
  A polar bear (shapeshifter) (Vaults:4)
  28 jumping spiders
  17 polar bears
  A harpy skeleton (Crypt:3)
  A spectral tarantella (Spider:4)
  7 wind drakes
  2 hydra skeletons
  7 tarantella zombies
  A death drake skeleton (Crypt:1)
  Grinder (D:4)
  8 hornets
  Prince Ribbit (D:7)
  7 dream sheep
  77 slime creatures
  3 blink frogs
  12 raiju
  5 snapping turtles
  An ice dragon zombie (Hell)
  A meliai zombie (D:13)
  10 hippogriffs
  2 jumping spider zombies (Spider:4)
  2 ettin zombies
  49 redbacks
  An elf zombie (Hell)
  8 air elementals
  15 water elementals
  19 flying skulls
  7 ynoxinuls
  2 ettin skeletons (Crypt:3)
  16 tarantellas
  2 redbacks (shapeshifter) (Vaults:4)
  45 yaks
  A human (D:8)
  A wyvern (shapeshifter) (Abyss:1)
  8 wraiths
  7 wyverns (Lair:6)
  3 shadows
  A basilisk (shapeshifter) (Vaults:4)
  5 neqoxecs
  7 fire elementals
  4 fire bats
  7 vampire mosquitoes
  A basilisk (Lair:1)
  2 hungry ghosts
  2 steam dragons
  2 chaos spawn (Abyss:3)
  5 wargs
  5 insubstantial wisps (Abyss:3)
  A spatial vortex (Abyss:3)
  2 hell hounds (Hell)
  A human zombie (Hell)
  10 water moccasins
  A floating eye (Abyss:3)
  7 porcupines
  An eye of draining (shapeshifter) (Elf:1)
  A torturous demonspawn skeleton (Crypt:2)
  A two-headed ogre skeleton (Crypt:2)
  Purgy (Sewer)
  13 orc warriors
  A spiny frog skeleton (Crypt:3)
  5 swamp drakes
  3 sky beasts
  4 black bears
  10 ice beasts
  An infernal demonspawn skeleton (Crypt:1)
  4 eyes of draining
  17 boggarts
  A phantom (D:5)
  29 ogres
  13 centaurs
  A centaur (shapeshifter) (Vaults:4)
  15 wolves
  A snapping turtle skeleton (Crypt:3)
  A swamp dragon skeleton (Crypt:3)
  10 crocodiles
  A human skeleton (Vaults:5)
  2 big kobolds (D:7)
  2 earth elementals
  9 bullfrogs
  2 wyvern zombies
  A gnoll sergeant (D:8)
  A warg zombie (Crypt:3)
  A water moccasin skeleton (D:8)
  4 scorpions
  A killer bee (D:11)
  A warg skeleton (Crypt:3)
  4 wights (D:6)
  A yak skeleton (Crypt:1)
  2 electric eels (D:8)
  4 howler monkeys
  10 crimson imps
  A bullfrog zombie (D:11)
  3 quasits
  2 bullfrog skeletons
  A centaur zombie (D:11)
  7 hounds
  6 jellies
  A soldier ant zombie (Crypt:3)
  2 centaur skeletons
  9 orc priests
  3 iron imps (Abyss:3)
  Natasha (thrice) (D:4)
  10 worker ants
  2 iguanas
  6 orc wizards
  14 small abominations
  A demigod zombie (Crypt:3)
  A bullfrog simulacrum (D:8)
  3 hound zombies
  3 hound skeletons
  7 mummies
  A howler monkey zombie (D:10)
  3 gnolls (D:8)
  19 adders
  A steam dragon zombie (Crypt:2)
  2 shadow imps
  3 white imps
  3 ufetubi
  3 oozes
  An iguana zombie (Crypt:3)
  An adder skeleton (D:8)
  4 worms
  3 ball lightnings (Pan)
  A dart slug (D:2)
  6 leopard geckos
  13 orcs
  7 giant cockroaches
  A gnoll zombie (Crypt:3)
  6 goblins
  2 hobgoblins (D:1)
  20 jackals
  23 kobolds
  6 quokkas
  2 ball pythons (D:1)
  12 bats
  5 frilled lizards
  A goblin zombie (D:8)
  4 hobgoblin zombies (D:8)
  2 kobold skeletons (D:8)
  A kobold zombie (D:8)
  A leopard gecko simulacrum (D:8)
  2 orc skeletons
  2 orc zombies (D:8)
  A quokka skeleton (D:4)
  2 quokka zombies
  7 rats
  A rat skeleton (Crypt:2)
  A crawling corpse (Vaults:5)
  4 fungi
  9 plants
  5 starspawn tentacles
1902 creatures vanquished.

Vanquished Creatures (collateral kills)
  Mennas (Vaults:2)
  Bai Suzhen (Spider:3)
  4 caustic shrikes (Depths:4)
  A golden dragon (Vaults:4)
  A bone dragon (Crypt:3)
  Jory (Vaults:4)
  2 tentacled monstrosities (Vaults:4)
  A lich (Vaults:4)
  A titan (Vaults:4)
  2 deep elf blademasters (Elf:2)
  3 acid blobs (Lair:5)
  2 sphinxes
  2 ancient champions (Crypt:3)
  2 storm dragons (Vaults:4)
  2 shadow dragons (Vaults:4)
  5 tengu reavers
  3 fire giants
  An orc warlord (Vaults:1)
  A deep elf sorcerer (Vaults:4)
  An azure jelly (Depths:1)
  A ghost moth (Spider:4)
  A balrug (Depths:1)
  3 iron dragons
  4 frost giants
  4 emperor scorpions
  A reaper (Depths:1)
  A deep elf elementalist (Elf:2)
  8 ironheart preservers
  13 stone giants
  A draconian annihilator (Depths:5)
  A green draconian (Depths:5)
  7 very ugly things
  2 war gargoyles
  An entropy weaver (Spider:2)
  Nessos (D:12)
  6 deep elf annihilators
  A purple draconian (Depths:4)
  A dire elephant (D:15)
  2 white draconians (Depths:5)
  3 spark wasps
  4 ettins
  An eidolon (Vaults:2)
  5 jiangshi
  2 deep elf death magi
  A blizzard demon (Hell)
  4 death oozes (Depths:1)
  A crystal guardian (Vaults:3)
  4 fire dragons
  3 deep elf high priests
  3 great orbs of eyes
  5 merfolk impalers
  3 ogre magi
  A hydra (D:14)
  3 yaktaur captains
  25 vault guards
  Harold (D:11)
  The ghost of Ethylacetat the Martial Artist, a journeyman DsCK of Xom (D:12)
  5 ice dragons
  6 rakshasas
  A hell beast (Depths:1)
  2 spriggan air magi (Depths:4)
  2 centaur warriors
  2 merfolk aquamancers
  2 death knights
  25 two-headed ogres
  16 dancing weapons
  3 death scarabs (Spider:4)
  A merfolk avatar (Shoals:3)
  3 deep troll shamans
  An orc high priest (Elf:1)
  2 sun demons (Depths:1)
  2 vampire magi
  An iron golem (Depths:1)
  2 spriggan berserkers (Depths:4)
  7 deep elf knights
  2 soul eaters (Crypt:2)
  A salamander mystic (Depths:5)
  9 hell knights
  2 shadow wraiths
  An iron troll (Depths:3)
  A death drake (Depths:4)
  A titan skeleton (Crypt:3)
  17 deep trolls
  15 skeletal warriors
  A spectral emperor scorpion (Spider:3)
  5 sea snakes
  3 unseen horrors
  An iron giant skeleton (Crypt:3)
  2 phantasmal warriors (Vaults:4)
  8 ironbrand convokers
  2 lindwurms (Depths:5)
  5 deep elf archers
  23 deep elf magi
  4 orb spiders (Spider:2)
  3 wizards
  2 spectral wolf spiders (Spider:4)
  3 wolf spider zombies (Spider:4)
  22 wolf spiders
  4 orc knights
  3 necromancers
  3 manticores
  A cyclops (D:12)
  33 ugly things
  2 salamanders (Depths:5)
  A faun (Shoals:1)
  2 orc sorcerers
  A harpy (shapeshifter) (D:15)
  2 moths of wrath
  A stone giant skeleton (Crypt:3)
  A rust devil (Depths:1)
  A guardian serpent (Lair:6)
  3 water nymphs
  9 elephants
  6 vault sentinels
  3 fire giant skeletons (Crypt:3)
  5 merfolk sirens
  2 frost giant skeletons (Crypt:3)
  6 black mambas (Lair:6)
  5 spiny frogs
  A gargoyle (D:12)
  5 smoke demons
  A dire elephant skeleton (Crypt:2)
  A rime drake (shapeshifter) (Vaults:1)
  2 rime drakes
  2 centaur skeletons
  2 spectral redbacks
  6 demonic crawlers
  6 yaktaurs
  5 komodo dragons
  A komodo dragon (shapeshifter) (Depths:1)
  3 freezing wraiths
  5 hellwings (Pan)
  A tengu conjurer (Depths:1)
  7 merfolk
  3 red devils (Hell)
  25 jumping spiders
  4 spectral tarantellas
  8 meliai
  2 spectral jumping spiders
  6 hornets
  2 trolls
  3 polar bears
  2 tarantella zombies (Spider:4)
  A wind drake (Shoals:3)
  6 blink frogs
  An alligator zombie (Hell)
  4 snapping turtles (Shoals:3)
  24 slime creatures
  A frost giant simulacrum (Vaults:3)
  5 dream sheep
  A spriggan zombie (Hell)
  3 hippogriffs
  3 flying skulls
  6 air elementals
  A spriggan (shapeshifter) (Vaults:5)
  37 redbacks
  13 tarantellas
  8 water elementals
  2 fire bats (Depths:4)
  2 wraiths
  2 basilisks
  8 yaks
  7 fire elementals
  A vampire (D:11)
  6 wyverns (Lair:6)
  A human (D:13)
  3 hungry ghosts
  6 vampire mosquitoes
  2 wargs
  2 acid dragons
  A soldier ant (D:12)
  8 water moccasins
  2 hell hounds
  A porcupine (Lair:4)
  7 orc warriors
  A sky beast (shapeshifter) (Depths:5)
  A spectral hornet (Spider:3)
  3 ice beasts
  3 eyes of draining
  A sky beast (D:15)
  21 ogres
  9 boggarts
  4 wolves
  2 centaurs
  A snapping turtle skeleton (Crypt:3)
  3 crocodiles
  2 big kobolds (D:12)
  A rime drake skeleton (Crypt:1)
  6 bullfrogs
  A scorpion (D:11)
  2 killer bees (D:11)
  A troll skeleton (Crypt:1)
  3 bullfrog zombies
  A crimson imp (D:12)
  2 centaur zombies
  A quasit (D:8)
  2 orc priests
  A bullfrog skeleton (D:12)
  2 jellies (D:9)
  A human zombie (Crypt:1)
  3 orc wizards
  A worker ant (D:11)
  5 mummies (Crypt:3)
  2 adders
  2 shadow imps
  A worker ant simulacrum (D:8)
  An ooze (shapeshifter) (Elf:2)
  14 orcs
  A jackal (D:8)
  6 kobolds (D:12)
  An orc skeleton (D:8)
  A butterfly (Lair:3)
  A crawling corpse (Vaults:4)
  9 fungi
  12 plants
889 creatures vanquished.

Vanquished Creatures (others)
  A deep elf master archer (Elf:3)
  3 orc warlords
  Aizul (Depths:1)
  A stone giant (Depths:3)
  A vampire knight (Crypt:2)
  A deep elf annihilator (Elf:3)
  A merfolk javelineer (Shoals:4)
  10 yaktaur captains
  A rakshasa (Depths:1)
  6 centaur warriors
  A dancing weapon (Elf:2)
  8 orc sorcerers
  A tengu warrior (Depths:3)
  A satyr (Shoals:2)
  An orc high priest (Elf:3)
  A deep elf knight (Elf:3)
  19 orc knights
  36 orc warriors
  A necromancer (Vaults:5)
  2 deep elf archers
  2 manticores
  7 fauns
  2 cyclopes
  A vault sentinel (Vaults:5)
  A rust devil (Hell)
  34 yaktaurs
  2 merfolk
  A steam dragon (Shoals:3)
  A hell hound (Hell)
  A small abomination (Abyss:3)
  A slave (D:7)
  2 wolves (IceCv)
  4 boggarts
  3 centaurs
  28 orc priests
  31 orc wizards
  14 ball lightnings (Pan)
  77 orcs
  A kobold (D:3)
  A rat (D:3)
  A bush (Lair:6)
  12 fungi
  48 plants
  9 starspawn tentacles
  4 tentacles (Shoals:2)
385 creatures vanquished.

Grand Total: 3176 creatures vanquished

Notes
Turn   | Place    | Note
-------+----------+-------------------------------------------
     0 | D:1      | libidonplus the Hill Orc Fighter began the quest for the Orb.
     0 | D:1      | Reached XP level 1. HP: 19/19 MP: 1/1
   135 | D:1      | Reached XP level 2. HP: 11/27 MP: 2/2
   836 | D:1      | Reached XP level 3. HP: 30/33 MP: 3/3
  1145 | D:2      | Reached skill level 4 in Fighting
  1507 | D:2      | Reached XP level 4. HP: 40/40 MP: 4/4
  2024 | D:3      | Noticed solomon12318's ghost (amateur GnWn)
  2293 | D:3      | Noticed an orc warrior
  2293 | D:3      | Became a worshipper of Beogh the Brigand
  2424 | D:3      | Reached XP level 5. HP: 41/47 MP: 5/5
  2656 | D:3      | Found a stormy altar of Qazlal.
  2656 | D:3      | Found a deep blue altar of Sif Muna.
  2939 | D:4      | Found a sparkling altar of Nemelex Xobeh.
  2955 | D:4      | Reached skill level 5 in Axes
  3211 | D:4      | Noticed an ogre
  3391 | D:4      | Noticed Natasha
  3404 | D:4      | Killed Natasha
  3505 | D:4      | Noticed an ogre
  3687 | D:3      | Reached XP level 6. HP: 55/55 MP: 6/6
  3726 | D:4      | Reached skill level 5 in Fighting
  3776 | D:4      | Noticed Grinder
  3818 | D:4      | Killed Grinder
  3818 | D:4      | Reached XP level 7. HP: 39/61 MP: 7/7
  4094 | D:4      | Noticed Natasha
  4100 | D:4      | Killed Natasha
  4100 | D:4      | Reached * piety under Beogh
  4110 | D:4      | Reached skill level 5 in Armour
  4110 | D:4      | Reached skill level 5 in Shields
  4214 | D:4      | Noticed Natasha
  4218 | D:4      | Killed Natasha
  4338 | D:4      | Noticed a komodo dragon
  4388 | D:4      | Found a radiant altar of Vehumet.
  4400 | D:4      | Found a transporter.
  4407 | D:4      | Found a transporter.
  4562 | D:5      | Entered Level 5 of the Dungeon
  4645 | D:5      | Found a hazy altar of Hepliaklqana.
  4661 | D:5      | Reached skill level 6 in Fighting
  4661 | D:5      | Reached XP level 8. HP: 62/70 MP: 8/8
  4772 | D:5      | Found a glowing drain.
  4785 | Sewer    | Entered a sewer
  4843 | Sewer    | Noticed Purgy
  4850 | Sewer    | Killed Purgy
  5704 | D:6      | Found Gemiysha's Gadget Shoppe.
  5707 | D:6      | Found Huodwuz's Jewellery Shoppe.
  5734 | D:6      | Reached ** piety under Beogh
  6155 | D:6      | Reached skill level 7 in Fighting
  6155 | D:6      | Reached XP level 9. HP: 63/79 MP: 9/9
  6414 | D:6      | Found Naurekypp's Food Shoppe.
  6592 | D:6      | Found Lauk's Antique Weapon Emporium.
  6664 | D:6      | Found a white marble altar of Elyvilon.
  6763 | D:6      | Found Vaumn's Jewellery Shoppe.
  6796 | D:6      | Found an opulent altar of Gozag.
  6890 | D:6      | Found a staircase to the Ecumenical Temple.
  6940 | D:6      | Reached skill level 10 in Axes
  7208 | D:7      | Noticed a two-headed ogre
  7474 | D:7      | Noticed Prince Ribbit
  7520 | D:7      | Killed Prince Ribbit
  7637 | D:7      | Noticed Pikel
  7698 | D:7      | Killed Pikel
  7698 | D:7      | Reached skill level 8 in Fighting
  7698 | D:7      | Reached XP level 10. HP: 85/88 MP: 10/10
  7933 | D:7      | Reached *** piety under Beogh
  8082 | D:7      | Found a shadowy altar of Dithmenos.
  8469 | D:7      | Found a sparkling altar of Nemelex Xobeh.
  8674 | D:8      | Noticed Bapho's ghost (novice DrCj)
  9215 | D:8      | Found a glowing golden altar of the Shining One.
  9261 | D:8      | Killed Bapho's ghost
  9261 | D:8      | Reached skill level 9 in Fighting
  9623 | D:8      | Noticed a two-headed ogre
  9638 | D:8      | Killed a two-headed ogre
 10167 | D:8      | Reached **** piety under Beogh
 10561 | D:8      | Reached XP level 11. HP: 89/97 MP: 11/11
 10693 | D:9      | Gained Warbeogh as an ally
 11249 | D:9      | Found a deep blue altar of Sif Muna.
 11435 | D:10     | Entered Level 10 of the Dungeon
 11489 | D:10     | Found Genadik's General Store.
 11498 | D:10     | Found a staircase to the Orcish Mines.
 11544 | D:10     | Noticed a red ugly thing
 11557 | D:10     | Killed a red ugly thing
 11956 | D:10     | Reached skill level 10 in Fighting
 12274 | D:10     | Found a staircase to the Lair.
 12602 | D:11     | Noticed Harold
 12632 | D:11     | Killed Harold
 12997 | D:11     | Killed an unseen horror
 13332 | D:11     | Noticed a cyclops
 13345 | D:11     | Killed a cyclops
 13404 | D:11     | Noticed a purple ugly thing
 13422 | D:11     | Killed a purple ugly thing
 13860 | D:11     | Reached ***** piety under Beogh
 13931 | D:11     | Got a shimmering quarterstaff
 14011 | D:12     | Killed an unseen horror
 14130 | D:12     | Noticed Erolcha
 14137 | D:12     | Killed Erolcha
 14137 | D:12     | Reached skill level 15 in Axes
 14137 | D:12     | Reached skill level 10 in Shields
 14137 | D:12     | Reached XP level 12. HP: 84/108 MP: 12/12
 14142 | D:12     | Reached skill level 10 in Armour
 14348 | D:12     | HP: 4/108 [troll (8)]
 14367 | D:11     | HP: 2/108 [troll (7)]
 14891 | D:12     | Your ally Warbeogh died
 15116 | Lair:1   | Entered Level 1 of the Lair of Beasts
 15134 | Lair:1   | Reached skill level 11 in Fighting
 15669 | Lair:1   | Got a steaming lead ring
 16140 | Lair:2   | Identified the ring "Cankaez" {Fire +Inv MR+ Dex+3 Slay-2} (You found it on level 1 of the Lair of Beasts)
 16717 | Lair:3   | Identified a scroll of acquirement
 16979 | Lair:3   | Noticed Nergalle
 16988 | Lair:3   | Killed Nergalle
 17665 | Lair:4   | Found a hole to the Spider Nest.
 18110 | Lair:4   | Reached skill level 12 in Fighting
 18123 | Lair:4   | Reached XP level 13. HP: 116/118 MP: 11/13
 18466 | Lair:4   | Found an iron altar of Okawaru.
 18799 | Lair:4   | Gained Horkud as an ally
 18810 | Lair:4   | Found a staircase to the Shoals.
 19526 | Lair:5   | Reached skill level 13 in Fighting
 19552 | Lair:5   | Found a viscous altar of Jiyva.
 19552 | Lair:5   | Found a staircase to the Slime Pits.
 19557 | Lair:5   | Reached ****** piety under Beogh
 20068 | Lair:6   | Entered Level 6 of the Lair of Beasts
 20670 | Lair:6   | Gained Rocco as an ally
 20818 | Lair:6   | Reached XP level 14. HP: 130/130 MP: 14/14
 20887 | Lair:6   | Gained Arbolt as an ally
 20889 | Lair:6   | Reached skill level 14 in Fighting
 21794 | D:12     | Noticed Ethylacetat's ghost (journeyman DsCK)
 21800 | D:12     | Killed Ethylacetat's ghost
 21845 | D:12     | Reached skill level 1 in Invocations
 22397 | D:12     | Reached skill level 1 in Dodging
 22552 | D:13     | Noticed Nessos
 22821 | D:12     | Killed Nessos
 24441 | D:13     | Found a gate to the Vaults.
 25383 | D:14     | Your ally Horkud died
 25554 | D:14     | Reached skill level 15 in Fighting
 25601 | D:14     | Reached skill level 5 in Invocations
 25605 | D:14     | Found Qixanim's Antique Weapon Shoppe.
 25623 | D:14     | Reached XP level 15. HP: 103/141 MP: 14/18
 26298 | D:15     | Entered Level 15 of the Dungeon
 26648 | D:15     | Gained Brunolf as an ally
 27435 | D:15     | Found a staircase to the Depths.
 27490 | D:15     | Found a shimmering altar of Xom.
 27494 | D:15     | Found a shimmering altar of Xom.
 27494 | D:15     | Found a shimmering altar of Xom.
 27495 | D:15     | Found a shimmering altar of Xom.
 27495 | D:15     | Found a shimmering altar of Xom.
 27495 | D:15     | Found a shimmering altar of Xom.
 27495 | D:15     | Found a shimmering altar of Xom.
 27496 | D:15     | Found a shimmering altar of Xom.
 27497 | D:15     | Found a shimmering altar of Xom.
 27497 | D:15     | Found a shimmering altar of Xom.
 28057 | Spider:1 | Entered Level 1 of the Spider Nest
 28640 | Spider:1 | Got a twisted rapier {protect}
 29466 | Spider:2 | Your ally Brunolf died
 29530 | Spider:2 | Reached skill level 5 in Dodging
 29845 | Spider:2 | Killed a ghost moth
 29978 | Spider:2 | Reached XP level 16. HP: 122/151 MP: 22/22
 30742 | Spider:2 | Reached skill level 16 in Fighting
 31664 | Spider:2 | Reached skill level 15 in Shields
 32083 | Spider:2 | Reached skill level 15 in Armour
 34866 | Spider:2 | Reached skill level 10 in Invocations
 35309 | Spider:3 | Noticed Roxanne
 35577 | Spider:4 | Entered Level 4 of the Spider Nest
 36074 | Spider:4 | Noticed Bai Suzhen
 36092 | Spider:3 | Killed Bai Suzhen
 36092 | Spider:3 | Gained Ortolf as an ally
 36981 | Spider:4 | Reached XP level 17. HP: 143/160 MP: 25/25
 37299 | Spider:3 | Reached skill level 17 in Fighting
 38556 | Spider:4 | HP: 4/161 [spark wasp (12)]
 40197 | Spider:4 | Your ally Arbolt died
 40214 | Spider:4 | HP: 2/162 [death scarab (14)]
 40680 | Spider:4 | Got a gossamer rune of Zot
 41088 | Orc:1    | Entered Level 1 of the Orcish Mines
 41466 | Orc:2    | Entered Level 2 of the Orcish Mines
 41467 | Orc:2    | Found a frozen archway.
 41512 | Orc:2    | Gained Borgk as an ally
 41557 | IceCv    | Entered an ice cave
 41925 | IceCv    | Got a smoking chain mail
 41926 | IceCv    | Identified the +9 chain mail "Utiugiv" {rPois rF- SInv} (You found it in an ice cave)
 43093 | Orc:2    | Found Ohylud's Antique Armour Shop.
 43094 | Orc:2    | Found a roughly hewn altar of Beogh.
 43096 | Orc:2    | Found Iher's Antique Weapon Boutique.
 43102 | Orc:2    | Bought a glowing cloak for 150 gold pieces
 43499 | Orc:2    | Found a roughly hewn altar of Beogh.
 43521 | Orc:2    | Found a roughly hewn altar of Beogh.
 43621 | Orc:2    | Found a roughly hewn altar of Beogh.
 43696 | Orc:2    | Found Kibrul's Assorted Antiques.
 43704 | Orc:2    | Bought a pair of glowing gloves for 225 gold pieces
 43746 | Orc:2    | Found a roughly hewn altar of Beogh.
 43784 | Orc:2    | Gained mutation: You are somewhat resistant to further mutation. [a neqoxec]
 43812 | Orc:2    | Found a staircase to the Elven Halls.
 44640 | Orc:2    | Found a roughly hewn altar of Beogh.
 44712 | Orc:2    | Found a roughly hewn altar of Beogh.
 44785 | Orc:2    | Found a roughly hewn altar of Beogh.
 44820 | Orc:2    | Found Acvadich's Book Emporium.
 45050 | Shoals:1 | Entered Level 1 of the Shoals
 45917 | Shoals:1 | Got a dazzling helmet
 45928 | Shoals:1 | Identified the +3 helmet "Hidet" {MR- Slay+4} (You found it on level 1 of the Shoals)
 46295 | Shoals:1 | Gained Boruk as an ally
 46591 | Shoals:2 | Got an encrusted hunting sling
 46592 | Shoals:2 | Identified the +6 hunting sling of Dodoso {speed, -Tele +Inv Int+2} (You found it on level 2 of the Shoals)
 46633 | Shoals:1 | Your ally Boruk died
 47259 | Shoals:2 | Reached XP level 18. HP: 171/171 MP: 27/27
 47347 | Shoals:2 | Gained Bolgrim as an ally
 47347 | Shoals:2 | Gained Korbok as an ally
 47347 | Shoals:2 | Gained Borgoth as an ally
 47347 | Shoals:2 | Gained Hawl as an ally
 47715 | Shoals:2 | Reached skill level 18 in Fighting
 48318 | Shoals:3 | Your ally Borgoth died
 48561 | Shoals:3 | Your ally Bolgrim died
 48798 | Shoals:3 | Noticed Donald
 48813 | Shoals:3 | Killed Donald
 48863 | Shoals:3 | Got a distressingly furry shield {Donald}
 48864 | Shoals:3 | Identified the +5 shield of the Cricket {rC++ rCorr Int+4 Dex-3} (You took it off Donald on level 3 of the Shoals)
 48971 | Shoals:3 | Gained Marbaugh as an ally
 49056 | Shoals:3 | Your ally Hawl died
 49058 | Shoals:3 | Your ally Korbok died
 49287 | Shoals:4 | Entered Level 4 of the Shoals
 49287 | Shoals:4 | Noticed Ilsuiw
 50024 | Shoals:3 | Killed Ilsuiw
 50571 | Shoals:4 | Noticed P0WERM0DE's ghost (adept FoFi)
 50614 | Shoals:4 | Killed P0WERM0DE's ghost
 51697 | Shoals:4 | Got a barnacled rune of Zot
 52655 | Vaults:1 | Entered Level 1 of the Vaults
 53316 | Vaults:1 | Got a bone morningstar
 53343 | Vaults:1 | Gained Bogmar as an ally
 53377 | Vaults:1 | Gained Brandogh as an ally
 53711 | D:13     | Identified the cursed +2 morningstar of Abuse {vamp, +Inv} (You found it on level 1 of the Vaults)
 53851 | Vaults:1 | Reached skill level 10 in Dodging
 54393 | Vaults:1 | Reached XP level 19. HP: 181/181 MP: 30/30
 56164 | Vaults:1 | Reached skill level 19 in Fighting
 56194 | Vaults:1 | Gained Wulfoc as an ally
 56728 | Vaults:1 | Your ally Wulfoc died
 56732 | Vaults:1 | Reached skill level 15 in Invocations
 57168 | Vaults:1 | Gained Bogdar as an ally
 58183 | Vaults:2 | Found a staircase to the Crypt.
 59184 | Vaults:1 | Gained Koronagh as an ally
 62731 | Vaults:3 | Reached XP level 20. HP: 193/193 MP: 32/32
 62849 | Vaults:2 | Gained Garbold as an ally
 63490 | Vaults:3 | Identified Sif Muna's Collected Works on Twisted Summoning
 65798 | Vaults:4 | Gained Bogdan as an ally
 67357 | Vaults:4 | Reached skill level 20 in Fighting
 68504 | Vaults:4 | Gained Alork as an ally
 69233 | Elf:1    | Entered Level 1 of the Elven Halls
 69313 | Orc:2    | Gained Oruk as an ally
 69565 | Elf:1    | Found a radiant altar of Vehumet.
 69593 | Elf:1    | Noticed Nikola
 69597 | Elf:1    | Gained Wargath as an ally
 69613 | Elf:1    | Your ally Wargath died
 69747 | Orc:2    | Killed Nikola
 69774 | Elf:1    | Noticed Azrael
 69802 | Orc:2    | Gained Blodwig as an ally
 69808 | Orc:2    | Killed Azrael
 70058 | Elf:1    | Found Yrarphoad's Magic Scroll Shoppe.
 70720 | Elf:1    | Noticed Agnes
 70729 | Elf:1    | Killed Agnes
 70853 | Elf:1    | Reached XP level 21. HP: 195/202 MP: 33/33
 71471 | Elf:1    | Gained Ugrim as an ally
 72714 | Elf:2    | Found a runed gate.
 72714 | Elf:2    | Found a runed gate.
 72716 | Elf:2    | Found a runed gate.
 75456 | Elf:3    | Entered Level 3 of the Elven Halls
 75576 | Elf:3    | Noticed Saint Roka
 76402 | Elf:3    | Found Enaorry's One-of-a-Kind Books.
 80592 | Elf:3    | HP: 7/203 [acid (10)]
 81333 | Elf:3    | Identified the Catalogue of Displacement and Boosts
 81650 | Elf:3    | Identified the Grimoire of the Snowflakes
 82120 | Crypt:1  | Entered Level 1 of the Crypt
 82120 | Crypt:1  | Noticed Boris
 82466 | Vaults:2 | Killed Boris
 82645 | Vaults:2 | Reached skill level 21 in Fighting
 82809 | Vaults:2 | Reached XP level 22. HP: 186/213 MP: 35/35
 82935 | Crypt:1  | Noticed Mennas
 83134 | Vaults:2 | Killed Mennas
 83609 | Depths:1 | Entered Level 1 of the Depths
 84431 | D:15     | Gained Ogrik as an ally
 84968 | Depths:1 | Noticed a juggernaut
 84980 | Depths:1 | Killed a juggernaut
 85418 | Depths:1 | Gained Ugrim as an ally
 86132 | Depths:1 | Found a gateway to Hell.
 86960 | Depths:1 | Found a viscous altar of Jiyva.
 87064 | Depths:1 | Gained Morbeogh as an ally
 88429 | Depths:2 | Noticed Aizul
 88530 | Depths:1 | Killed Aizul
 88780 | Depths:1 | Reached XP level 23. HP: 221/221 MP: 36/36
 89113 | Depths:2 | Found a gateway to a ziggurat.
 90057 | Depths:2 | Gained Arbolt as an ally
 90619 | Depths:3 | Gained Olfik as an ally
 90934 | Depths:3 | Found a one-way gate leading to the halls of Pandemonium.
 91621 | Depths:3 | Gained Borgk as an ally
 92118 | Depths:3 | Found a portal to a secret trove of treasure.
 92393 | Depths:3 | Found Jaitar's Jewellery Emporium.
 92394 | Depths:3 | Found Meriteyd's Gadget Shop.
 92395 | Depths:3 | Found Uxza Nur's Jewellery Emporium.
 93173 | Shoals:4 | Got a twisted chain mail
 93191 | Shoals:3 | Identified the +4 chain mail "Inoguqah" {rF+} (You took it off a merfolk impaler on level 4 of the Shoals)
 93491 | Depths:4 | Noticed a golden dragon
 93565 | Depths:4 | Killed a golden dragon
 93565 | Depths:4 | Reached skill level 22 in Fighting
 93710 | Depths:4 | Found Gozag's Antique Armour Boutique.
 93721 | Depths:4 | Found an opulent altar of Gozag.
 93722 | Depths:4 | Found a one-way gate to the infinite horrors of the Abyss.
 93724 | Depths:4 | Found Gozag's Antique Armour Shop.
 94314 | Depths:4 | Noticed a golden dragon
 94333 | Depths:3 | Killed a golden dragon
 94459 | Depths:4 | Found Gozag's Antique Armour Shop.
 94536 | Depths:4 | Noticed a golden dragon
 94542 | Depths:4 | Noticed a golden dragon
 94861 | Depths:4 | Your ally Ogrik died
 95623 | Depths:4 | Gained Orkwin as an ally
 95628 | Depths:4 | Your ally Orkwin died
 95756 | Depths:5 | Entered Level 5 of the Depths
 95788 | Depths:5 | Noticed a juggernaut
 95808 | Depths:4 | Killed a juggernaut
 95808 | Depths:4 | Reached XP level 24. HP: 231/231 MP: 36/36
 95964 | Depths:5 | Noticed a caustic shrike
 95974 | Depths:4 | Killed a caustic shrike
 96099 | Depths:5 | Noticed a caustic shrike
 96099 | Depths:5 | Noticed a caustic shrike
 96105 | Depths:5 | Noticed a caustic shrike
 96111 | Depths:4 | Killed a caustic shrike
 96160 | Depths:4 | Killed a caustic shrike
 96164 | Depths:4 | Killed a caustic shrike
 97211 | Depths:5 | Gained Morbeogh as an ally
 97271 | Depths:5 | Got a fine ivory ring
 97296 | Depths:5 | Your ally Morbeogh died
 97536 | Depths:5 | Identified the ring "Syag" {rF+ MP+9 Dex+4} (You took it off a salamander on level 5 of the Depths)
 97565 | Depths:5 | Identified the Disquisition on Displacement and Boosts
 97656 | Depths:5 | Got a smoking tin ring
 97658 | Depths:5 | Identified the cursed ring of Jebibink {EV-2 SInv} (You took it off a white draconian on level 5 of the Depths)
 97766 | Depths:5 | Your ally Borgk died
 97771 | Depths:5 | Your ally Arbolt died
 99470 | Depths:5 | Got a steaming glaive {holy}
100165 | Depths:5 | Found a gate to the Realm of Zot.
100183 | Depths:5 | Found the +2 pair of boots of the Assassin {Detection Stab+ Stlth++}
100189 | Depths:5 | Gained Bladwarg as an ally
100395 | Depths:3 | Bought the ring "Sajed" {rN+ Dex+5} for 637 gold pieces
101336 | Crypt:2  | Paralysed by something for 6 turns
101361 | Crypt:2  | Your ally Oruk died
101381 | Crypt:1  | Gained Ugrim as an ally
102480 | Crypt:2  | Gained Blodwig as an ally
102496 | Crypt:2  | Your ally Blodwig died
102788 | Crypt:1  | Gained Oreg as an ally
102846 | Crypt:1  | Reached XP level 25. HP: 234/237 MP: 37/37
103774 | Crypt:3  | Entered Level 3 of the Crypt
104781 | Vaults:5 | Entered Level 5 of the Vaults
105078 | Vaults:4 | Reached skill level 23 in Fighting
105229 | Vaults:4 | Gained Gorm as an ally
106235 | Vaults:5 | Noticed Margery
106977 | Vaults:5 | Killed Margery
107307 | Vaults:5 | Noticed Jory
107320 | Vaults:4 | Killed Jory
107561 | Vaults:5 | Got a silver rune of Zot
107757 | Vaults:5 | Identified Tiriaw's Handbook of Glacial Evil Secrets
108128 | Vaults:5 | Got an ancient falchion
108129 | Vaults:5 | Identified the cursed +2 falchion of the Establishment {venom, Str+3} (You found it on level 5 of the Vaults)
109222 | Depths:4 | Voluntarily entered the Abyss.
109222 | Abyss:1  | Found a radiant altar of Vehumet.
109223 | Abyss:1  | Found a corrupted altar of Lugonu.
109422 | Abyss:3  | Found a hide-covered altar of Uskayaw.
109455 | Abyss:3  | Reached XP level 26. HP: 231/248 MP: 37/37
109681 | Abyss:3  | Paralysed by accursed screaming for 1 turns
110151 | Abyss:3  | Found a corrupted altar of Lugonu.
110695 | Abyss:3  | Gained Marbaugh as an ally
110698 | Abyss:3  | Paralysed by a floating eye for 2 turns
110708 | Abyss:3  | Got an abyssal rune of Zot
110708 | Abyss:3  | Your ally Marbaugh died
111056 | Depths:4 | Escaped the Abyss
111586 | Crypt:3  | Reached skill level 24 in Fighting
111587 | Crypt:3  | Gained Morun as an ally
112527 | Elf:1    | Bought a scroll of identify for 32 gold pieces
112527 | Elf:1    | Bought a scroll of identify for 32 gold pieces
112829 | Depths:3 | You paid a toll of 23 scrolls of identify to enter a treasure trove
112830 | Trove    | Entered a treasure trove
112857 | Trove    | Got a steaming graven amulet
112859 | Trove    | Got a vibrating pewter amulet
112895 | Trove    | Identified Pycvadorgh's Guide on Creative Flight
112897 | Trove    | Identified Sif Muna's Incunabulum of Torrid Enchantment
112953 | Trove    | Identified the amulet of Attitude {Inacc rPois Str+4} (You found it in a treasure trove)
112955 | Trove    | Identified the amulet of Atenuh {rPois rF+ Regen+ Str+3 Int-2} (You found it in a treasure trove)
113418 | Crypt:3  | Found a staircase to the Tomb.
113705 | Crypt:3  | Found a basalt altar of Yredelemnul.
113720 | Crypt:3  | Noticed an ancient lich
113735 | Crypt:3  | Killed an ancient lich
113901 | Crypt:3  | Identified the Reference Book on Darkness
114366 | Crypt:3  | Gained Warrok as an ally
115542 | Slime:1  | Entered Level 1 of the Pits of Slime
115819 | Lair:5   | Reached XP level 27. HP: 245/264 MP: 38/38
118107 | Lair:5   | Reached skill level 1 in Crossbows
118682 | Slime:5  | Entered Level 5 of the Pits of Slime
119068 | Slime:5  | Noticed the Royal Jelly
119069 | Slime:5  | Found a viscous altar of Jiyva.
119084 | Slime:5  | Killed the Royal Jelly
119921 | Slime:5  | Got a slimy rune of Zot
120155 | Slime:5  | Identified the Almanac of the Virous Voyage
120161 | Slime:5  | Got a pair of faintly glowing gloves
120172 | Slime:5  | Identified the +2 pair of gloves "Imumnos" {Regen+ Int+4 Slay-6} (You found it on level 5 of the Pits of Slime)
120358 | Slime:4  | Reached skill level 5 in Crossbows
121041 | Hell     | Entered the Vestibule of Hell
121041 | Hell     | Noticed Geryon
121046 | Depths:1 | Reached skill level 25 in Fighting
122080 | Depths:1 | Gained Oreg as an ally
122954 | Hell     | Found a gateway to the ashen valley of Gehenna.
122967 | Hell     | Killed Geryon
122967 | Hell     | Your ally Ortolf died
122973 | Hell     | Your ally Gorm died
123468 | Hell     | Found a gateway to the Iron City of Dis.
123494 | Hell     | Found a gateway to the freezing wastes of Cocytus.
123570 | Hell     | Found a gateway to the decaying netherworld of Tartarus.
125127 | Pan      | Entered the realm of Lom Lobon.
125127 | Pan      | Entered Pandemonium
125127 | Pan      | Found an exit through the horrors of the Abyss.
125480 | Pan      | Gained Boghold as an ally
126205 | Pan      | Noticed Lom Lobon
126237 | Pan      | Your ally Boghold died
126245 | Pan      | HP: 20/400 [Lom Lobon (21)]
126257 | Pan      | HP: 13/267 [Lom Lobon/great icy blast (39)]
126258 | Pan      | Killed from afar by Lom Lobon

Skill      XL: |  1  2  3  4  5  6  7  8  9 10 11 12 13 14 15 16 17 18 19 20 21 22 23 24 25 26 27 |
---------------+----------------------------------------------------------------------------------+-----
Axes           | 3 4 5 6 7 9 11 13 15 16 18 | 18.0
Fighting       | 4 5 6 7 8 9 10 12 13 15 16 17 18 19 20 21 22 23 24 25 | 25.6
Armour         | 4 5 6 7 8 9 11 12 13 14 15 16 17 18 19 20 21 22 23 | 23.0
Shields        | 4 5 6 7 8 10 11 12 13 14 15 16 17 18 19 20 21 | 21.0
Invocations    | 5 8 11 13 14 16 17 18 19 20 21 23 24 | 24.5
Dodging        | 3 5 7 8 10 11 12 13 14 | 14.9
Crossbows      | 7 |  7.7

Action                   |  1- 3 |  4- 6 |  7- 9 | 10-12 | 13-15 | 16-18 | 19-21 | 22-24 | 25-27 || total
-------------------------+-------+-------+-------+-------+-------+-------+-------+-------+-------++-------
Melee: War axe           |   114 |   150 |   309 |   695 |       |       |       |       |       ||  1268
       Broad axe         |       |       |       |    83 |  1218 |  2135 |  1548 |  1772 |  1998 ||  8754
       Whip              |       |       |       |       |    20 |       |       |       |       ||    20
 Fire: Hunting sling     |       |       |    19 |       |       |       |       |       |       ||    19
       Blowgun           |       |       |     1 |       |       |       |       |       |       ||     1
       Hand crossbow     |       |       |       |       |       |       |       |       |    52 ||    52
Throw: Stone             |     1 |     5 |     2 |     1 |       |       |       |       |       ||     9
       Javelin           |       |       |       |     5 |     7 |       |       |       |       ||    12
       Throwing net      |       |       |       |       |       |       |       |       |     1 ||     1
Invok: Convert to Beogh  |       |     1 |       |       |       |       |       |       |       ||     1
       Recall Orcish Fol |       |       |       |     2 |    21 |    26 |     4 |    13 |     9 ||    75
       Smiting           |       |       |       |     1 |     5 |     7 |    16 |    26 |    68 ||   123
       Give Item to Name |       |       |       |       |     3 |     5 |     4 |     5 |     5 ||    22
       Stop Recall       |       |       |       |       |     1 |     2 |       |     2 |     2 ||     7
       Resurrection      |       |       |       |       |       |       |       |     1 |       ||     1
Evoke: Wand              |       |       |     4 |     6 |     2 |    12 |       |     1 |     1 ||    26
  Use: Scroll            |     3 |     9 |     6 |    12 |     7 |    13 |     7 |    21 |     6 ||    84
       Potion            |       |       |     1 |     6 |     1 |     7 |     4 |     3 |    12 ||    34
 Stab: Invisible         |       |       |     1 |       |       |       |       |       |       ||     1
       Distracted        |       |       |       |     4 |    13 |    23 |    27 |    23 |    18 ||   108
       Paralysed         |       |       |       |       |       |     7 |     7 |     7 |     2 ||    23
       Confused          |       |       |       |       |       |     3 |       |     1 |       ||     4
  Eat: Chunk             |     2 |     7 |    10 |    24 |    18 |    49 |    63 |    37 |    11 ||   221
       Ration            |       |       |     1 |     5 |    11 |     9 |     8 |     9 |    18 ||    61
Armor: Scale mail        |    73 |    78 |    79 |       |       |       |       |       |       ||   230
       Chain mail        |       |       |    36 |   309 |   474 |   952 |   555 |   372 |       ||  2698
       Skin              |       |       |       |     4 |       |       |       |       |       ||     4
       Gold dragon scale |       |       |       |       |       |       |       |   307 |  1078 ||  1385
Dodge: Dodged            |    41 |    56 |    69 |   137 |   167 |   603 |   446 |   777 |   914 ||  3210
Block: Shield            |    76 |    95 |   190 |   338 |       |       |       |   847 |  2464 ||  4010
       Large shield      |       |       |       |   101 |  1272 |  3038 |  2175 |  1323 |       ||  7909
       Reflection        |       |       |       |       |    32 |   160 |   255 |   141 |   109 ||   697
